 Dungeon Crawl Stone Soup version 0.20.1-1-g8b1a95d (webtiles) character file.

46 Minstaer the Ruffian (level 3, -4/37 HPs)
             Began as a Troll Monk on Nov 3, 2017.
             Was a Believer of Trog.
             Slain by Terence
             ... wielding a +2 mace of crushing
              (10 damage)
             ... on level 2 of the Dungeon.
             The game lasted 00:04:59 (994 turns).

Minstaer the Ruffian (Troll Monk)                    Turns: 994, Time: 00:04:59

Health: -4/37      AC:  5    Str: 20    XL:     3   Next: 44%
Magic:  2/2        EV: 10    Int:  6    God:    Trog [**....]
Gold:   95         SH:  0    Dex: 12    Spells: 2/2 levels left

rFire    . . .     SeeInvis .     - Unarmed
rCold    . . .     Gourm    +   (no shield)
rNeg     . . .     Faith    .   a - +0 robe
rPois    .         Spirit   .   (helmet restricted)
rElec    .         Reflect  .   (no cloak)
rCorr    .         Harm     .   (gloves unavailable)
MR       .....                  (boots unavailable)
Stlth    ++........             (no amulet)
Regen    0.6/turn               (no ring)
MPRegen  0.1/turn               (no ring)

@: no status effects
A: unfitting armour, claws 3, fast metabolism 3, gourmand, regeneration 1,
shaggy fur 1, tough skin 2
a: Berserk, Trog's Hand, Burn Spellbooks, Renounce Religion


You were on level 2 of the Dungeon.
You worshipped Trog.
Trog was pleased with you.
You were completely stuffed.

You visited 1 branch of the dungeon, and saw 2 of its levels.

You collected 95 gold pieces.

Inventory:

Missiles
 k - 25 stones (quivered)
Armour
 a - a +0 robe (worn)
Jewellery
 g - an uncursed ring of flight {unknown}
Scrolls
 c - 2 scrolls of teleportation {unknown}
 e - a scroll of magic mapping {unknown}
 f - 3 scrolls of amnesia {unknown}
 i - 2 scrolls of fog {unknown}
 m - a scroll of identify {unknown}
Potions
 d - a potion of resistance {unknown}
 h - 2 potions of might
 n - a potion of heal wounds {unknown}
Comestibles
 b - 3 bread rations
 j - a royal jelly
 l - 7 chunks of flesh


   Skills:
 + Level 3.0 Fighting
 - Level 2.4 Dodging
 - Level 1.0 Stealth
 * Level 3.9 Unarmed Combat


You had 2 spell levels left.
You didn't know any spells.

Dungeon Overview and Level Annotations

Branches:
Dungeon (2/15)

Altars:
Trog

Annotations:
D:2 Terence


Innate Abilities, Weirdness & Mutations

You are too large for most types of armour.
You have claws for hands.
Your metabolism is lightning-fast.
You like to eat raw meat.
Your natural rate of healing is unusually fast.
You are covered in fur. (AC +1)
You have very tough skin. (AC +2)


Message History

Terence is too close now for your liking.
You scratch Terence but do no damage.
Terence drinks a potion.
Terence seems to grow stronger.
You claw Terence!
Terence is heavily wounded.
Terence misses you.
You closely miss Terence. You claw Terence, but do no damage.
Terence is heavily wounded.
You barely miss Terence.
Terence is heavily wounded.
Terence hits you with a mace of crushing!
You scratch Terence.
Terence is heavily wounded.
Terence hits you with a mace of crushing!
You scratch Terence but do no damage.
Terence is heavily wounded.
Terence hits you with a mace of crushing!
* * * LOW HITPOINT WARNING * * *
x2 Terence hits you with a mace of crushing!
You die...

#.#####.####.#
########.
#....>.......#
.........
#.#####.######
########.
........# #.
..####..# #.
#..# #. #..# #
## #..# ... #
#.@####..... #
#..@g....... .
##.####.#.#. #
#.# #.# #.#
#.. ### #..
#.. #


You could see Terence and a goblin.

Vanquished Creatures
  2 dart slugs (D:1)
  2 leopard geckos
  5 goblins
  7 hobgoblins
  4 jackals (D:1)
  A quokka (D:2)
  5 bats
  2 frilled lizards
  3 kobolds (D:1)
  7 rats
38 creatures vanquished.

Notes
Turn   | Place    | Note
-------+----------+-------------------------------------------
     0 | D:1      | Minstaer the Troll Monk began the quest for the Orb.
     0 | D:1      | Reached XP level 1. HP: 22/22 MP: 0/0
    84 | D:1      | Reached XP level 2. HP: 29/29 MP: 1/1
   552 | D:1      | Reached XP level 3. HP: 32/36 MP: 2/2
   742 | D:2      | Found a faded altar of an unknown god.
   805 | D:2      | Found a bloodstained altar of Trog.
   827 | D:2      | Became a worshipper of Trog the Wrathful
   827 | D:2      | Reached * piety under Trog
   827 | D:2      | Reached ** piety under Trog
   983 | D:2      | Noticed Terence
   994 | D:2      | Slain by Terence

Skill      XL: |  1  2  3 |
---------------+----------+-----
Fighting       | 3 |  3.0
Dodging        | |  2.4
Stealth        | |  1.0
Unarmed Combat | |  3.9

Action                   || total
-------------------------++-------
Melee: Unarmed           ||    95
       Punch             ||     2
 Stab: Sleeping          ||     2
  Eat: Chunk             ||    15
Armor: Robe              ||    28
Dodge: Dodged            ||    35
